 Dungeon Crawl Stone Soup version 0.20.0-8-g6b59dc7 (webtiles) character file.

280463 glosham the Imperceptible (level 19, -27/93 HPs)
             Began as a Felid Necromancer on May 29, 2017.
             Was a High Priest of Sif Muna.
             Annihilated by Mennas
             ... wielding a +4 trishula of holy wrath
              (33 damage)
             ... on level 2 of the Vaults on May 31, 2017.
             The game lasted 20:06:57 (81481 turns).

glosham the Imperceptible (Felid Necromancer)      Turns: 81481, Time: 20:06:58

Health: -27/93     AC:  3    Str: 18    XL:     19   Next: 68%
Magic:  20/33      EV: 37    Int: 18    God:    Sif Muna [*****.]
Gold:   1188       SH:  0    Dex: 21    Spells: 1/36 levels left
                                        Lives:  0   Deaths: 5

rFire    . . .     SeeInvis +     - Unarmed
rCold    + . .     Gourm    .   (shield unavailable)
rNeg     + . .     Faith    .   (armour unavailable)
rPois    .         Spirit   .   (helmet unavailable)
rElec    +         Reflect  .   (cloak unavailable)
rCorr    .         Harm     +   (gloves unavailable)
MR       +++..                  (boots unavailable)
Stlth    ++++......             z - amulet of harm
Regen    0.3/turn               A - ring "Bizyisho" {rN+ Str+8 Dex+7}
MPRegen  0.3/turn               L - ring "Seho" {*Slow rElec MR+ Dex-3 Slay+5}

@: very slightly contaminated, slowed, glowing, invisible (but backlit and
visible), slow
A: no armour, no weapons or thrown items, stealth, claws 1, fangs 3, see
invisible, carnivore 3, speed 1, shaggy fur 3, slow metabolism 1, sharp paws
}: 2/15 runes: serpentine, barnacled
a: Divine Energy, Channel Magic, Forget Spell, Renounce Religion


You were on level 2 of the Vaults.
You worshipped Sif Muna.
Sif Muna was extremely pleased with you.
You were very full.

You visited 8 branches of the dungeon, and saw 37 of its levels.
You visited the Abyss 1 time.

You collected 4060 gold pieces.
You spent 2872 gold pieces at shops.

Inventory:

Jewellery
 z - an amulet of harm (around neck)
 A - the ring "Bizyisho" (left paw) {rN+ Str+8 Dex+7}
   (You found it on level 6 of the Lair of Beasts)

   [ring of positive energy]

   It affects your strength (+8).
   It affects your dexterity (+7).
   It protects you from negative energy.
 B - a +4 ring of evasion
 C - an uncursed ring of protection from cold
 D - an uncursed ring of protection from fire
 E - an uncursed ring of protection from fire
 L - the ring "Seho" (right paw) {*Slow rElec MR+ Dex-3 Slay+5}
   (You took it off a deep elf demonologist on level 3 of the Elven Halls)

   [ring of protection from magic]

   It affects your dexterity (-3).
   It affects your accuracy and damage with ranged weapons and melee attacks
   (+5).
   It insulates you from electricity.
   It affects your resistance to hostile enchantments.
   It may slow you when you take damage.
 M - an uncursed ring of protection from magic
 P - the ring "Huaxt" {+Fly rPois rC- rN+ Int+5}
   (You took it off a deep elf annihilator on level 3 of the Elven Halls)

   [ring of positive energy]

   It affects your intelligence (+5).
   It makes you vulnerable to cold.
   It protects you from poison.
   It protects you from negative energy.
   It lets you fly.
 S - an uncursed ring of resist corrosion
Wands
 c - a wand of digging (12/24)
 d - a wand of paralysis (12/24)
 e - a wand of acid (3/15)
 f - a wand of scattershot (3/9)
 g - a wand of enslavement (1/24)
 h - a wand of flame (3/48)
 i - a wand of polymorph (16/24)
 T - a wand of disintegration (8/24)
 U - a wand of acid (4/15)
 W - a wand of paralysis (9/24)
 X - a wand of flame (21/48)
Scrolls
 j - a scroll of vulnerability
 k - 11 scrolls of teleportation
 l - 7 scrolls of blinking
 m - 3 scrolls of fog
 n - 6 scrolls of fear
 o - 17 scrolls of remove curse
 p - 12 scrolls of identify
 q - 4 scrolls of recharging
 F - 3 scrolls of summoning
Potions
 r - 11 potions of heal wounds
 s - 15 potions of curing
 t - 2 potions of magic
 u - 4 potions of haste
 v - a potion of resistance
 w - 3 potions of ambrosia
 x - 4 potions of agility
 y - a potion of might
 G - a potion of cancellation
 H - 3 potions of brilliance
 I - 4 potions of berserk rage {!q}
 J - 2 potions of lignification
 V - a potion of flight
Miscellaneous
 b - a lightning rod (4/4)
 K - a lamp of fire
 N - a phantom mirror
 O - a box of beasts
 Q - 3 sacks of spiders
Comestibles
 a - 16 meat rations


   Skills:
 - Level 15.2 Fighting
 - Level 20.9 Dodging
 * Level 26.1 Stealth
 - Level 17.9 Unarmed Combat
 - Level 9.0 Spellcasting
 - Level 15.1 Hexes
 - Level 4.5 Charms
 - Level 5.0 Summonings
 - Level 5.9 Necromancy
 - Level 6.9 Translocations
 - Level 4.1 Air Magic
 - Level 9.1 Evocations


You had one spell level left.
You knew the following spells:

 Your Spells              Type           Power        Failure   Level  Hunger
a - Apportation           Tloc           ####..       1%          1    None
b - Blink                 Tloc           N/A          1%          2    None
c - Confuse               Hex            ######..     1%          3    None
g - Passage of Golubria   Tloc           N/A          4%          4    ###....
i - Invisibility          Hex            ######..     2%          6    ######.
q - Corona                Hex            ######.      0%          1    None
r - Regeneration          Chrm/Necr      ####......   3%          3    None
t - Tukima's Dance        Hex            ######..     1%          3    None
x - Confusing Touch       Hex            ######       0%          1    None
B - Summon Butterflies    Summ           ####....     1%          1    None
S - Silence               Hex/Air        #####.....   4%          5    #####..
V - Summon Mana Viper     Hex/Summ       #####...     3%          5    #####..


Dungeon Overview and Level Annotations

Branches:
Dungeon (15/15)            Temple (1/1) D:4            Lair (6/6) D:11
 Shoals (4/4) Lair:4        Snake (4/4) Lair:3        Slime (0/5) Lair:5
    Orc (2/2) D:11            Elf (3/3) Orc:2        Vaults (2/5) D:13
 Depths (0/5) D:15
  Crypt: Vaults:2-3

Altars:
Ashenzari
Cheibriados
Dithmenos
Elyvilon
Fedhas
Gozag
Hepliaklqana
Kikubaaqudgha
Makhleb
Nemelex Xobeh
Okawaru
Qazlal
Ru
Sif Muna
Trog
Uskayaw
Vehumet
Xom
Yredelemnul
Zin
The Shining One
Jiyva

Shops:
D:9 [}*}   D:10 *   D:13 (   Orc:2 (=*[   Elf:1 (   Elf:3 :

Annotations:
Lair:5 1 exclusion
Vaults:2 Mennas


Innate Abilities, Weirdness & Mutations

You cannot wear armour.
You are incapable of wielding weapons or throwing items.
Your paws allow you to move quietly. (Stealth)
You have sharp claws.
You have razor-sharp teeth.
You have supernaturally acute eyesight. (SInv)
You are carnivorous and can eat meat at any time.
You cover ground quickly.
Your thick and shaggy fur keeps you warm. (AC +3, rC+)
You have a slow metabolism.
Your sharp claws are effective at attacking unaware monsters.


Message History

The yaktaur completely misses you.
You catch the helpless yaktaur completely off-guard!
You eviscerate the yaktaur!!!!
You kill the yaktaur!
Sif Muna accepts your kill.
Things that are here:
an uncursed arbalest; 15 bolts
There is an open door here.
You now have 1188 gold pieces (gained 28).
Things that are here:
an uncursed arbalest; 18 bolts
Okay, then.
There is an open door here.
You open the door.
Mennas, the Voice of Zin comes into view.
He is wielding a trishula of holy wrath.
Found a stone staircase leading down.
Casting: Invisibility
Confirm with . or Enter, or press ? or * to list all spells.
Aiming: Passage of Golubria
Press: ? - help, Dir - move target cursor You enter the passage of Golubria.
An ice dragon, a cyclops and a vault sentinel come into view.
Found a scroll of teleportation.
There is a passage of Golubria here.
The vault sentinel shouts!
The ice dragon roars deafeningly!
Mennas hits you from afar with a trishula of holy wrath!
Mennas misses you.
Casting: Passage of Golubria
Confirm with . or Enter, or press ? or * to list all spells.
Aiming: Passage of Golubria
Press: ? - help, Dir - move target cursor Mennas hits you from afar with a trishula of holy wrath!!
You feel yourself slow down.
Mennas hits you from afar with a trishula of holy wrath!!
* * * LOW HITPOINT WARNING * * *
The vault sentinel blows a loud note on a signal horn!
The cyclops throws a large rock.
The large rock completely misses you. Mennas closely misses you.
Mennas hits you from afar with a trishula of holy wrath!!
You die...

##'####### #........#
#.......?# #.D..C...#
#.p......# #..>.^...#
#........# #.A.@....#
#....^...# #........#
#######+###########'########
............)..............#
.............).............#
.........).).........ยง.....#
......................^.)..#
#######'##################'#


You could see Mennas, an ice dragon, a vault sentinel and a cyclops.

Vanquished Creatures
  Mara (Snake:3)
  Vashnia (Snake:3)
  Nikola (Snake:3)
  Rupert (D:15)
  Asterion (Elf:1)
  3 deep elf blademasters
  A deep elf master archer (Elf:3)
  A kraken (Shoals:1)
  Polyphemus (Shoals:4)
  Kirke (D:14)
  Donald (Shoals:4)
  Gastronok (D:11)
  Ilsuiw (Shoals:3)
  Roxanne (Elf:1)
  5 nagarajas
  A vault warden (Vaults:2)
  8 deep elf sorcerers
  An orc warlord (Orc:1)
  2 deep elf elementalists
  A stone giant (Vaults:2)
  5 ironheart preservers
  5 deep elf demonologists (Elf:3)
  6 deep elf annihilators
  The ghost of Artagas the Warrior, a journeyman MiBe of Trog (Lair:5)
  Azrael (Orc:2)
  3 ettins (Vaults:2)
  7 merfolk javelineers
  4 deep elf death magi (Elf:3)
  10 merfolk impalers
  3 fire dragons
  Josephine (Orc:1)
  5 yaktaur captains
  3 deep elf high priests (Elf:3)
  An ice dragon (D:15)
  15 hydras
  Fannar (Lair:3)
  2 great orbs of eyes
  3 merfolk avatars
  Erica (D:8)
  14 naga warriors
  5 ogre magi
  19 anacondas
  4 catoblepae
  10 death yaks
  4 merfolk aquamancers (Shoals:4)
  31 dancing weapons
  5 centaur warriors
  3 alligator snapping turtles (Shoals:4)
  25 two-headed ogres
  2 death knights
  8 satyrs
  21 naga sharpshooters
  24 deep elf knights
  A vampire mage (D:14)
  Urug (D:11)
  2 orc high priests (Orc:2)
  11 shock serpents
  A shadow wraith (Vaults:1)
  15 salamander mystics
  4 unseen horrors
  3 skeletal warriors (D:13)
  2 glowing orange brains (Vaults:1)
  24 sea snakes
  2 wizards
  A kraken simulacrum (Shoals:4)
  7 orc knights
  20 deep elf archers
  5 lindwurms
  A swamp dragon (shapeshifter) (Elf:3)
  5 ironbrand convokers
  20 mana vipers
  31 harpies
  7 naga ritualists
  2 wolf spider zombies (D:14)
  87 deep elf magi
  4 wolf spiders
  A necromancer (D:13)
  21 ugly things
  8 cyclopes
  An oklob plant (Lair:5)
  6 orc sorcerers
  23 fauns
  17 manticores
  32 black mambas
  10 elephants
  16 salamanders
  6 guardian serpents
  2 rust devils (D:7)
  6 merfolk sirens
  9 water nymphs
  4 ice statues (D:11)
  29 naga magi
  3 vault sentinels (Vaults:1)
  2 torpor snails
  17 komodo dragons
  A rime drake (Lair:6)
  16 spiny frogs
  A rime drake (shapeshifter) (Vaults:2)
  4 freezing wraiths
  A komodo dragon (shapeshifter) (Vaults:1)
  12 yaktaurs
  5 kobold demonologists
  An efreet (D:13)
  A redback zombie (D:14)
  4 polar bears (Lair:6)
  6 wind drakes
  A wind drake (shapeshifter) (Elf:1)
  13 blink frogs
  36 merfolk
  3 trolls (D:13)
  A wolf spider simulacrum (D:14)
  34 slime creatures
  11 snapping turtles
  A blink frog (shapeshifter) (Vaults:1)
  11 dream sheep
  14 hippogriffs
  A meliai zombie (D:13)
  3 air elementals (Elf:3)
  46 yaks
  A shadow (D:14)
  A vampire (D:13)
  A spriggan (shapeshifter) (Elf:2)
  9 wraiths
  Eustachio (D:6)
  10 water elementals
  4 wyverns
  6 fire elementals
  4 basilisks
  3 hogs (D:14)
  2 vampire mosquitoes (D:15)
  5 wargs
  Edmund (D:6)
  51 nagas
  25 water moccasins
  2 hell hounds (Orc:2)
  2 acid dragons
  5 porcupines
  21 ice beasts
  An eye of draining (shapeshifter) (Vaults:1)
  39 orc warriors
  10 sky beasts
  A hornet zombie (D:10)
  A necrophage (D:10)
  2 black bears
  3 boggarts (Vaults:1)
  The ghost of Dominolapin the Cudgeler, an amateur DsGl of Gozag (D:3)
  8 centaurs
  33 wolves
  23 ogres
  9 crocodiles
  8 big kobolds
  14 bullfrogs
  An earth elemental (Elf:1)
  2 scorpions
  2 wyvern skeletons (D:9)
  16 killer bees
  8 wights
  13 electric eels
  5 lava snakes (Snake:1)
  7 crimson imps
  4 centaur zombies
  A bullfrog zombie (D:12)
  5 hounds
  2 quasits (D:9)
  15 orc priests
  3 bullfrog skeletons
  2 gnoll shamans
  5 iguanas
  8 jellies
  3 centaur skeletons
  16 worker ants
  28 orc wizards
  A killer bee zombie (D:10)
  A worker ant zombie (D:7)
  15 gnolls
  17 adders
  2 shadow imps
  3 oozes
  An adder zombie (D:3)
  A worm (D:2)
  A dart slug (D:1)
  8 leopard geckos
  108 orcs
  5 giant cockroaches
  8 goblins
  8 hobgoblins
  11 jackals
  7 quokkas
  5 ball pythons
  3 bats
  6 frilled lizards
  A jackal zombie (D:6)
  28 kobolds
  A leopard gecko zombie (D:7)
  9 rats
  2 bushes (Lair:5)
  7 fungi
  3 plants
  A withered plant (Shoals:2)
1698 creatures vanquished.

Vanquished Creatures (collateral kills)
  Agnes (D:15)
  3 nagarajas (Snake:4)
  2 deep elf sorcerers (D:14)
  Erolcha (D:11)
  A naga warrior (Snake:2)
  An anaconda (Snake:3)
  A two-headed ogre (D:14)
  5 dancing weapons (Elf:1)
  A naga sharpshooter (Snake:2)
  An ugly thing (D:11)
  2 mana vipers (Snake:4)
  A cyclops (D:15)
  2 black mambas (Snake:3)
  A guardian serpent (Snake:4)
  An efreet (D:15)
  A wraith (D:11)
  A naga (Snake:2)
  An earth elemental (Elf:1)
  An orc wizard (D:11)
28 creatures vanquished.

Vanquished Creatures (others)
  An anaconda (Snake:3)
  A deep elf knight (Elf:2)
  A dancing weapon (Elf:3)
  A water elemental (D:13)
  A howler monkey (D:7)
  An electric eel (D:13)
  A kobold (D:11)
  22 fungi
  33 plants
  5 starspawn tentacles (Abyss:3)
  4 tentacles (Shoals:4)
71 creatures vanquished.

Grand Total: 1797 creatures vanquished

Notes
Turn   | Place    | Note
-------+----------+-------------------------------------------
     0 | D:1      | glosham the Felid Necromancer began the quest for the Orb.
     0 | D:1      | Reached XP level 1. HP: 7/7 MP: 4/4
   695 | D:1      | Reached skill level 1 in Fighting
   695 | D:1      | Reached skill level 1 in Unarmed Combat
   695 | D:1      | Reached XP level 2. HP: 8/12 MP: 0/6
  1726 | D:1      | Reached XP level 3. HP: 6/15 MP: 2/7
  2005 | D:1      | Learned a level 3 spell: Vampiric Draining
  2073 | D:1      | Reached skill level 2 in Unarmed Combat
  2887 | D:2      | Reached XP level 4. HP: 19/19 MP: 6/8
  3049 | D:2      | Reached skill level 3 in Stealth
  3170 | D:1      | Learned a level 3 spell: Regeneration
  3964 | D:3      | Reached skill level 2 in Fighting
  4180 | D:3      | Noticed Dominolapin's ghost (amateur DsGl)
  4262 | D:3      | Reached skill level 3 in Dodging
  4378 | D:3      | Reached skill level 1 in Charms
  4378 | D:3      | Reached XP level 5. HP: 10/22 MP: 0/9
  4964 | D:4      | Found a shattered altar of Ashenzari.
  4965 | D:4      | Noticed an ogre
  5068 | D:4      | Saw a vision of the Shoals and the Snake Pit.
  5068 | D:4      | Noticed a shock serpent
  5068 | D:4      | Noticed a black mamba
  5068 | D:4      | Noticed a naga warrior
  5068 | D:4      | Noticed a naga
  5068 | D:4      | Noticed a merfolk
  5068 | D:4      | Noticed a merfolk siren
  5068 | D:4      | Noticed a hippogriff
  5068 | D:4      | Noticed a naga ritualist
  5068 | D:4      | Noticed a merfolk siren
  5068 | D:4      | Noticed a black mamba
  5068 | D:4      | Noticed a black mamba
  5068 | D:4      | Noticed a sea snake
  5068 | D:4      | Noticed a shock serpent
  5068 | D:4      | Noticed a black mamba
  5068 | D:4      | Noticed a naga
  5068 | D:4      | Noticed a black mamba
  5068 | D:4      | Noticed a naga
  5069 | D:4      | Noticed a hippogriff
  5070 | D:4      | Noticed a naga
  5113 | D:4      | Found a staircase to the Ecumenical Temple.
  5122 | Temple   | Entered the Ecumenical Temple
  5173 | Temple   | Became a worshipper of Sif Muna the Loreminder
  6094 | D:4      | Killed an ogre
  6094 | D:4      | Reached skill level 2 in Charms
  6094 | D:4      | Gained mutation: You are covered in thick fur. (AC +2) [Felid growth]
  6094 | D:4      | Reached XP level 6. HP: 21/27 MP: 4/11
  6274 | D:5      | Entered Level 5 of the Dungeon
  6543 | D:5      | Reached skill level 4 in Stealth
  7155 | D:6      | Reached skill level 4 in Dodging
  7155 | D:6      | Reached skill level 3 in Unarmed Combat
  7155 | D:6      | Reached skill level 3 in Spellcasting
  7469 | D:4      | Reached XP level 7. HP: 27/30 MP: 8/12
  7782 | D:6      | Noticed Edmund
  7940 | D:6      | Killed Edmund
  7940 | D:6      | Reached skill level 5 in Necromancy
  8100 | D:6      | Reached skill level 3 in Fighting
  8100 | D:6      | Reached skill level 5 in Stealth
  8100 | D:6      | Reached skill level 3 in Charms
  8190 | D:6      | Noticed Eustachio
  8243 | D:6      | Killed Eustachio
  8482 | D:6      | Reached skill level 4 in Unarmed Combat
  8881 | D:6      | Reached XP level 8. HP: 21/34 MP: 3/14
  8889 | D:6      | Reached * piety under Sif Muna
  9216 | D:6      | Reached skill level 5 in Dodging
 10080 | D:7      | Reached skill level 6 in Stealth
 10185 | D:6      | Learned a level 4 spell: Control Undead
 10273 | D:7      | Reached skill level 1 in Evocations
 10332 | D:7      | Reached skill level 4 in Charms
 10750 | D:7      | Reached skill level 5 in Unarmed Combat
 10857 | D:8      | Reached skill level 4 in Fighting
 11068 | D:8      | Reached skill level 4 in Spellcasting
 11564 | D:8      | Reached XP level 9. HP: 23/39 MP: 8/16
 11802 | D:7      | Noticed a rust devil
 11802 | D:7      | Noticed a rust devil
 11820 | D:8      | Noticed Erica
 11824 | D:8      | Killed Erica
 11824 | D:8      | Reached skill level 7 in Unarmed Combat
 12246 | D:3      | Killed Dominolapin's ghost
 12439 | D:9      | Found Erisacha's General Store.
 12453 | D:9      | Found Xiex Riu's Gadget Shoppe.
 12661 | D:9      | Found Esing's Gadget Emporium.
 12682 | D:9      | Found Ydiul's Antique Armour Emporium.
 12703 | D:9      | Reached skill level 8 in Unarmed Combat
 12829 | D:9      | Reached skill level 2 in Evocations
 12856 | D:9      | Reached skill level 5 in Fighting
 12980 | D:9      | Noticed a two-headed ogre
 13166 | D:9      | Killed a two-headed ogre
 13166 | D:9      | Reached skill level 3 in Evocations
 13166 | D:9      | Reached XP level 10. HP: 34/44 MP: 7/17
 13367 | D:9      | Reached skill level 9 in Unarmed Combat
 13519 | D:9      | Bought a lightning rod (4/4) for 440 gold pieces
 13544 | D:9      | Reached skill level 6 in Fighting
 13681 | D:9      | Noticed a wolf spider
 13752 | D:9      | Reached skill level 4 in Evocations
 13788 | D:9      | Noticed a yaktaur captain
 13881 | D:9      | Shot with an arrow by a centaur
 13882 | D:9      | Reached XP level 9. HP: 0/42 MP: 5/16
 14203 | D:9      | Killed a wolf spider
 14203 | D:9      | Reached skill level 7 in Fighting
 14203 | D:9      | Shot with a bolt by a yaktaur captain
 14204 | D:9      | Reached XP level 8. HP: -5/40 MP: 15/15
 14265 | D:9      | Killed a yaktaur captain
 14265 | D:9      | Reached skill level 10 in Unarmed Combat
 14265 | D:9      | Reached skill level 5 in Evocations
 14265 | D:9      | Reached XP level 9. HP: 43/43 MP: 16/16
 14407 | D:10     | Entered Level 10 of the Dungeon
 14455 | D:10     | Found Ludink's Assorted Antiques.
 14524 | D:10     | Noticed a two-headed ogre
 14657 | D:10     | Killed a two-headed ogre
 14657 | D:10     | Reached skill level 8 in Fighting
 14764 | D:10     | Found a shimmering altar of Xom.
 14816 | D:10     | Found a sacrificial altar of Ru.
 14970 | D:10     | Noticed a two-headed ogre
 15147 | D:10     | Killed a two-headed ogre
 15147 | D:10     | Reached XP level 10. HP: 38/49 MP: 6/17
 15650 | D:10     | Noticed a two-headed ogre
 15655 | D:10     | Killed a two-headed ogre
 15945 | D:11     | Reached skill level 9 in Fighting
 15945 | D:11     | Reached skill level 6 in Evocations
 15947 | D:11     | Reached ** piety under Sif Muna
 16121 | D:11     | Noticed a cyan ugly thing
 16124 | D:11     | Found a staircase to the Lair.
 16166 | D:11     | Noticed Urug
 16191 | D:11     | Reached skill level 11 in Unarmed Combat
 16198 | D:11     | Noticed Erolcha
 16206 | D:11     | Killed Erolcha
 16211 | D:11     | Killed a cyan ugly thing
 16406 | D:11     | Noticed Gastronok
 16733 | D:11     | Reached XP level 11. HP: 49/53 MP: 13/18
 16843 | D:11     | Found a staircase to the Orcish Mines.
 17383 | Lair:1   | Entered Level 1 of the Lair of Beasts
 17595 | D:11     | Reached skill level 7 in Evocations
 18234 | Lair:1   | Reached skill level 10 in Fighting
 18234 | Lair:1   | Reached skill level 6 in Dodging
 18913 | Lair:2   | Upgraded the game from 0.20.0-7-g3b7b877 to 0.20.0-8-g6b59dc7
 18923 | Lair:1   | Reached skill level 7 in Dodging
 19326 | Lair:2   | Reached skill level 8 in Dodging
 19591 | Lair:2   | Reached skill level 9 in Dodging
 20131 | Lair:2   | Reached skill level 10 in Dodging
 20955 | Lair:2   | Reached skill level 11 in Dodging
 21039 | Lair:3   | Gained mutation: Your thick and shaggy fur keeps you warm. (AC +3, rC+) [Felid growth]
 21039 | Lair:3   | Reached XP level 12. HP: 58/58 MP: 19/19
 21048 | Lair:3   | Learned a level 1 spell: Corona
 21052 | Lair:3   | Learned a level 3 spell: Confuse
 21056 | Lair:3   | Learned a level 3 spell: Tukima's Dance
 21081 | Lair:3   | Reached skill level 1 in Hexes
 21333 | Lair:3   | Reached skill level 2 in Hexes
 21363 | Lair:3   | Noticed Fannar
 21416 | Lair:3   | Reached skill level 3 in Hexes
 21516 | Lair:3   | Reached *** piety under Sif Muna
 21516 | Lair:3   | Reached skill level 4 in Hexes
 21713 | Lair:3   | Reached skill level 5 in Hexes
 21747 | Lair:3   | Found a staircase to the Snake Pit.
 21969 | Lair:3   | Reached skill level 6 in Hexes
 22054 | Lair:3   | Killed Fannar
 22054 | Lair:3   | Reached skill level 7 in Hexes
 22344 | Lair:4   | Reached skill level 8 in Hexes
 22721 | Lair:4   | Found a staircase to the Shoals.
 22843 | Lair:4   | Noticed a four-headed hydra
 22863 | Lair:4   | Killed a four-headed hydra
 22863 | Lair:4   | Reached skill level 7 in Stealth
 22863 | Lair:4   | Reached skill level 9 in Hexes
 23598 | Lair:4   | Reached skill level 8 in Stealth
 23753 | Lair:5   | Noticed an anaconda
 23755 | Lair:5   | Killed an anaconda
 23755 | Lair:5   | Reached skill level 10 in Hexes
 23783 | Lair:5   | Noticed an anaconda
 23793 | Lair:5   | Killed an anaconda
 23797 | Lair:5   | Reached skill level 9 in Stealth
 24105 | Lair:5   | Found a viscous altar of Jiyva.
 24106 | Lair:5   | Found a staircase to the Slime Pits.
 24494 | D:11     | Killed Urug
 24501 | D:11     | Reached skill level 11 in Hexes
 24824 | Lair:5   | Noticed a seven-headed hydra
 24850 | Lair:5   | Killed a seven-headed hydra
 24850 | Lair:5   | Reached **** piety under Sif Muna
 24944 | Lair:5   | Noticed Artagas's ghost (journeyman MiBe)
 24949 | Lair:5   | Noticed a four-headed hydra
 25040 | Lair:5   | Noticed a four-headed hydra
 25103 | Lair:5   | Killed a four-headed hydra
 25103 | Lair:5   | Reached skill level 10 in Stealth
 25418 | Lair:5   | Reached XP level 13. HP: 61/61 MP: 14/20
 25526 | Lair:6   | Entered Level 6 of the Lair of Beasts
 25622 | Lair:6   | Reached skill level 12 in Hexes
 25752 | Lair:6   | Reached skill level 11 in Stealth
 26363 | Lair:6   | Reached skill level 12 in Unarmed Combat
 27167 | Lair:6   | Reached skill level 13 in Hexes
 27265 | Lair:6   | Reached skill level 12 in Stealth
 27703 | Lair:6   | Reached skill level 8 in Evocations
 27704 | Lair:6   | Reached skill level 12 in Dodging
 27799 | Lair:6   | Reached XP level 14. HP: 66/66 MP: 15/21
 28277 | Lair:6   | Reached skill level 11 in Fighting
 28907 | Lair:5   | Killed Artagas's ghost
 29117 | Lair:6   | Got an ancient bone ring
 29310 | D:11     | Identified the ring "Bizyisho" {rN+ Str+8 Dex+7} (You found it on level 6 of the Lair of Beasts)
 29340 | Orc:1    | Entered Level 1 of the Orcish Mines
 29461 | Orc:2    | Entered Level 2 of the Orcish Mines
 29461 | Orc:2    | Found an iron altar of Okawaru.
 29670 | Orc:2    | Found a staircase to the Elven Halls.
 29690 | Orc:2    | Found Rusch's General Store.
 29690 | Orc:2    | Noticed an orc warlord
 29911 | D:12     | Reached skill level 13 in Stealth
 30259 | D:12     | Reached skill level 14 in Hexes
 31161 | D:11     | Killed Gastronok
 31384 | D:9      | Bought a wand of digging (14/24) for 576 gold pieces
 31981 | D:13     | Reached skill level 13 in Dodging
 32488 | D:13     | Found a gate to the Vaults.
 32616 | D:13     | Reached ***** piety under Sif Muna
 32620 | D:13     | Identified Sif Muna's Collected Works on Darkness (Sif Muna gifted it to you on level 13 of the Dungeon)
 32620 | D:13     | Received a gift from Sif Muna
 32648 | D:13     | HP: 6/67 [orc priest/divine providence (16)]
 32853 | D:13     | Found Abannile's Weapon Shoppe.
 33197 | D:13     | Reached skill level 13 in Unarmed Combat
 34110 | D:14     | Reached XP level 15. HP: 72/72 MP: 13/22
 34349 | D:14     | Reached skill level 14 in Stealth
 34407 | D:14     | Found a sacrificial altar of Ru.
 34517 | D:14     | Noticed Kirke
 34534 | D:14     | Killed Kirke
 34534 | D:14     | Reached skill level 9 in Evocations
 35059 | D:14     | Found a deep blue altar of Sif Muna.
 35068 | D:14     | Reached skill level 15 in Hexes
 35194 | D:14     | Identified the Collected Works on Flames and Execration
 35201 | D:14     | Learned a level 4 spell: Cause Fear
 35226 | D:14     | Noticed a deep elf sorcerer
 35250 | D:14     | Killed a deep elf sorcerer
 35313 | D:14     | Reached skill level 12 in Fighting
 35831 | D:14     | Identified Enlapt's Papyrus of the Compass
 35864 | D:14     | Noticed a deep elf sorcerer
 35870 | D:14     | Killed a deep elf sorcerer
 35870 | D:14     | Reached skill level 5 in Spellcasting
 35886 | D:14     | Identified the Papyrus of Good Luck and Clay
 35907 | D:14     | Identified Sif Muna's Catalogue of Aerial Good Luck
 35923 | D:14     | Learned a level 2 spell: Blink
 35964 | D:15     | Entered Level 15 of the Dungeon
 36119 | D:15     | Reached skill level 1 in Translocations
 36475 | D:15     | Noticed Agnes
 36609 | D:15     | Killed Agnes
 36609 | D:15     | Reached skill level 6 in Spellcasting
 36609 | D:15     | Reached skill level 2 in Translocations
 36771 | D:15     | Reached skill level 3 in Translocations
 36995 | D:15     | Received a gift from Sif Muna
 37029 | D:15     | Reached skill level 7 in Spellcasting
 37058 | D:15     | Found a staircase to the Depths.
 37225 | D:15     | Learned a level 4 spell: Passage of Golubria
 37296 | D:15     | Noticed Rupert
 37495 | D:15     | Killed Rupert
 37495 | D:15     | Reached skill level 8 in Spellcasting
 38465 | D:14     | Reached skill level 9 in Spellcasting
 38759 | D:15     | Learned a level 5 spell: Silence
 39150 | Orc:1    | Killed an orc warlord
 39150 | Orc:1    | Reached skill level 4 in Translocations
 39150 | Orc:1    | Reached skill level 1 in Air Magic
 39380 | Orc:2    | Reached skill level 2 in Air Magic
 39470 | Orc:2    | Bought a scroll of blinking for 97 gold pieces
 39470 | Orc:2    | Bought a scroll of vulnerability for 97 gold pieces
 39470 | Orc:2    | Bought a scroll of identify for 26 gold pieces
 39493 | Orc:2    | Reached skill level 5 in Translocations
 39522 | Orc:2    | Reached XP level 16. HP: 72/76 MP: 23/30
 39573 | Orc:2    | Noticed Azrael
 39579 | Orc:2    | Killed Azrael
 39654 | Orc:2    | Found Ihoil's Antique Armour Shoppe.
 39848 | Orc:2    | Found Ineutako's Antique Weapon Shoppe.
 40183 | Orc:1    | Reached skill level 3 in Air Magic
 40304 | Orc:1    | Noticed Josephine
 40538 | Orc:1    | Received a gift from Sif Muna
 40545 | Orc:1    | Learned a level 1 spell: Apportation
 40636 | Orc:1    | Reached skill level 6 in Translocations
 40682 | Orc:1    | Killed Josephine
 41112 | Orc:2    | Found Yrchoix's Jewellery Shop.
 41161 | Orc:2    | Bought an uncursed ring of resist corrosion for 340 gold pieces
 41161 | Orc:2    | Bought an uncursed ring of flight for 297 gold pieces
 41161 | Orc:2    | Bought an uncursed ring of protection from magic for 425 gold pieces
 41221 | Orc:2    | Reached skill level 4 in Air Magic
 42701 | D:15     | Learned a level 6 spell: Invisibility
 42977 | Elf:1    | Entered Level 1 of the Elven Halls
 43454 | D:15     | Learned a level 5 spell: Summon Mana Viper
 43691 | Elf:1    | Reached skill level 1 in Summonings
 43732 | Elf:1    | Reached skill level 2 in Summonings
 43903 | Elf:1    | Noticed Roxanne
 43990 | Elf:1    | Reached skill level 3 in Summonings
 44314 | Elf:1    | Found Xuohab's Antique Weapon Boutique.
 44366 | Elf:1    | Reached skill level 4 in Summonings
 44583 | Elf:1    | Reached skill level 5 in Summonings
 44638 | Elf:1    | Reached skill level 14 in Unarmed Combat
 44721 | Elf:1    | Noticed Asterion
 44727 | Elf:1    | Killed Asterion
 45130 | Elf:1    | Killed Roxanne
 45240 | Orc:1    | Identified Utoby's Disquisition on Unholy Heat (Sif Muna gifted it to you on level 1 of the Orcish Mines)
 45240 | Orc:1    | Received a gift from Sif Muna
 45482 | D:11     | Reached skill level 15 in Unarmed Combat
 46672 | Elf:2    | Reached XP level 17. HP: 79/79 MP: 25/31
 46893 | Elf:2    | Reached skill level 16 in Unarmed Combat
 47787 | Elf:2    | Found a huge runed gate.
 47787 | Elf:2    | Found a huge runed gate.
 47788 | Elf:2    | Found a huge runed gate.
 47789 | Elf:2    | Found a huge runed gate.
 47795 | Elf:2    | Found a huge runed gate.
 48193 | Elf:2    | Reached skill level 17 in Unarmed Combat
 48400 | Elf:2    | Noticed a deep elf blademaster
 48502 | Elf:2    | Cast into level 3 of the Abyss (trident of distortion)
 48648 | Elf:2    | Escaped the Abyss
 48920 | Elf:2    | Killed a deep elf blademaster
 50119 | Elf:3    | Entered Level 3 of the Elven Halls
 50657 | Elf:3    | Found Jufoung's One-of-a-Kind Books.
 50892 | Elf:3    | Noticed a deep elf blademaster
 52076 | Elf:3    | Reached skill level 13 in Fighting
 52280 | Elf:3    | HP: 8/82 [hell beast[a deep elf demonologist] (32)]
 52299 | Elf:3    | Killed from afar by a deep elf sorcerer
 52300 | Elf:3    | Reached XP level 16. HP: -34/78 MP: 30/30
 52359 | Elf:3    | Reached XP level 17. HP: 82/82 MP: 25/31
 52547 | Elf:3    | Got a wavering lapis lazuli ring
 52583 | Elf:3    | Identified the ring "Huaxt" {+Fly rPois rC- rN+ Int+5} (You took it off a deep elf annihilator on level 3 of the Elven Halls)
 52911 | Elf:3    | Got a bound glass ring
 52914 | Elf:3    | Identified the ring "Seho" {*Slow rElec MR+ Dex-3 Slay+5} (You took it off a deep elf demonologist on level 3 of the Elven Halls)
 52939 | Elf:3    | Killed a deep elf blademaster
 52939 | Elf:3    | Reached skill level 14 in Fighting
 53265 | Elf:3    | Noticed a deep elf blademaster
 53401 | Elf:3    | Got a fine halberd {protect}
 53455 | Elf:3    | Noticed a Brimstone Fiend
 53950 | Elf:3    | Killed a deep elf blademaster
 54349 | Elf:3    | Noticed a deep elf master archer
 54356 | Elf:3    | Killed a deep elf master archer
 54356 | Elf:3    | Reached skill level 15 in Fighting
 54428 | Elf:3    | Identified the Grimoire of the Scorching Voyage
 54438 | Elf:3    | Learned a level 1 spell: Confusing Touch
 55350 | Shoals:1 | Entered Level 1 of the Shoals
 55435 | Shoals:2 | Reached skill level 14 in Dodging
 56920 | Shoals:1 | Noticed a kraken
 56927 | Shoals:1 | Killed a kraken
 56927 | Shoals:1 | Reached skill level 15 in Dodging
 58013 | Shoals:2 | Identified Sif Muna's Incunabulum of the Badger (Sif Muna gifted it to you on level 2 of the Shoals)
 58013 | Shoals:2 | Received a gift from Sif Muna
 58171 | Shoals:2 | Reached skill level 16 in Dodging
 58867 | Shoals:2 | Reached XP level 18. HP: 82/89 MP: 28/32
 59386 | Shoals:3 | Reached skill level 17 in Dodging
 60836 | Shoals:2 | Reached skill level 18 in Dodging
 61178 | Shoals:4 | Entered Level 4 of the Shoals
 61262 | Shoals:4 | Noticed Donald
 61262 | Shoals:4 | Noticed Polyphemus
 61269 | Shoals:4 | Killed Donald
 61561 | Shoals:4 | Killed Polyphemus
 61706 | Shoals:4 | Noticed Ilsuiw
 61740 | Shoals:3 | Killed Ilsuiw
 61968 | Shoals:4 | Reached skill level 19 in Dodging
 63261 | Shoals:4 | Reached skill level 20 in Dodging
 63904 | Shoals:4 | Got a barnacled rune of Zot
 64516 | D:15     | Learned a level 1 spell: Summon Butterflies
 64716 | Snake:1  | Entered Level 1 of the Snake Pit
 64731 | Snake:1  | Reached XP level 19. HP: 93/93 MP: 27/33
 65022 | Snake:1  | Reached skill level 15 in Stealth
 65852 | Snake:1  | Identified Ufupt's Reference Book on Cloudy Calling (Sif Muna gifted it to you on level 1 of the Snake Pit)
 65852 | Snake:1  | Received a gift from Sif Muna
 66276 | Snake:2  | Reached skill level 16 in Stealth
 67314 | Snake:2  | Reached skill level 17 in Stealth
 68497 | Snake:3  | Reached skill level 18 in Stealth
 68588 | Snake:3  | Noticed Mara
 68598 | Snake:3  | Killed Mara
 68788 | Snake:3  | Noticed Nikola
 68807 | Snake:3  | Killed Nikola
 69164 | Snake:3  | Reached skill level 19 in Stealth
 69414 | Snake:3  | Noticed Vashnia
 70594 | Snake:3  | Shot with a bolt by Vashnia
 70595 | Snake:3  | Reached XP level 18. HP: -20/89 MP: 31/32
 70643 | Snake:3  | Killed Vashnia
 70643 | Snake:3  | Reached skill level 20 in Stealth
 70676 | Snake:4  | Entered Level 4 of the Snake Pit
 71333 | Snake:4  | Reached XP level 19. HP: 93/93 MP: 31/33
 71450 | Snake:4  | Killed from afar by a nagaraja
 71451 | Snake:4  | Reached XP level 18. HP: -8/89 MP: 19/32
 71651 | Snake:4  | Reached skill level 21 in Stealth
 73215 | Snake:4  | Reached skill level 22 in Stealth
 75333 | Snake:4  | Reached skill level 23 in Stealth
 75620 | Snake:4  | Received a gift from Sif Muna
 75711 | Snake:4  | Got a serpentine rune of Zot
 76081 | D:9      | Bought a scroll of recharging for 104 gold pieces
 76081 | D:9      | Bought a potion of heal wounds for 55 gold pieces
 76081 | D:9      | Bought a scroll of identify for 22 gold pieces
 76146 | D:10     | Bought a scroll of teleportation for 90 gold pieces
 76146 | D:10     | Bought a scroll of teleportation for 90 gold pieces
 76146 | D:10     | Bought a scroll of teleportation for 90 gold pieces
 76263 | Orc:2    | Bought a scroll of recharging for 123 gold pieces
 76607 | Vaults:1 | Entered Level 1 of the Vaults
 77250 | Vaults:1 | Reached skill level 24 in Stealth
 77255 | Vaults:1 | Reached XP level 19. HP: 93/93 MP: 30/33
 79259 | Vaults:2 | Reached skill level 25 in Stealth
 81083 | Vaults:2 | Reached skill level 26 in Stealth
 81474 | Vaults:2 | Noticed Mennas
 81481 | Vaults:2 | HP: 6/93 [Mennas/trishula of holy wrath (34)]
 81481 | Vaults:2 | Annihilated by Mennas

Skill      XL: |  1  2  3  4  5  6  7  8  9 10 11 12 13 14 15 16 17 18 19 |
---------------+----------------------------------------------------------+-----
Fighting       | 1 2 3 4 8 9 10 11 12 15 | 15.2
Unarmed Combat | 1 2 3 4 10 8 11 12 13 15 17 | 17.9
Stealth        | 3 4 5 6 10 12 13 14 24 26 | 26.1
Dodging        | 3 4 5 11 12 13 16 20 | 20.9
Charms         | 1 2 3 4 |  4.5
Spellcasting   | 3 4 9 |  9.0
Necromancy     | 5 |  5.9
Evocations     | 5 3 6 7 8 9 |  9.1
Hexes          | 11 13 14 15 | 15.1
Translocations | 5 6 |  6.9
Air Magic      | 2 4 |  4.1
Summonings     | 5 |  5.0

Action                   |  1- 3 |  4- 6 |  7- 9 | 10-12 | 13-15 | 16-18 | 19-21 || total
-------------------------+-------+-------+-------+-------+-------+-------+-------++-------
Melee: Unarmed           |       |    45 |   152 |   431 |   847 |  1562 |   591 ||  3628
       Punch             |       |     2 |     6 |    14 |    57 |   161 |    55 ||   295
       Bite              |       |     1 |     8 |    29 |   119 |   199 |    87 ||   443
 Cast: Pain              |    85 |   177 |   255 |   281 |     2 |       |       ||   800
       Vampiric Draining |       |     7 |    32 |    77 |    24 |     2 |       ||   142
       Regeneration      |       |     1 |     2 |     4 |    47 |   179 |   100 ||   333
       Control Undead    |       |       |       |     3 |       |       |       ||     3
       Confuse           |       |       |       |    13 |   262 |   154 |    58 ||   487
       Corona            |       |       |       |       |    75 |    96 |    39 ||   210
       Tukima's Dance    |       |       |       |       |    11 |     5 |       ||    16
       Blink             |       |       |       |       |     1 |    16 |    10 ||    27
       Summon Mana Viper |       |       |       |       |       |    29 |     7 ||    36
       Invisibility      |       |       |       |       |       |    84 |    28 ||   112
       Apportation       |       |       |       |       |       |    37 |    23 ||    60
       Silence           |       |       |       |       |       |    22 |       ||    22
       Passage of Golubr |       |       |       |       |       |     7 |    20 ||    27
       Confusing Touch   |       |       |       |       |       |   105 |   101 ||   206
 Abil: Evoke Flight      |       |       |       |       |       |    80 |     1 ||    81
       Stop Flying       |       |       |       |       |       |    37 |       ||    37
Evoke: Wand              |       |       |     5 |    31 |    38 |    38 |    21 ||   133
       Lightning rod     |       |       |     2 |     2 |     8 |       |     4 ||    16
       Sack of spiders   |       |       |       |     2 |     2 |     2 |     3 ||     9
       Box of beasts     |       |       |       |       |     5 |       |     1 ||     6
       Lamp of fire      |       |       |       |       |     1 |       |       ||     1
  Use: Scroll            |       |    12 |     7 |     7 |     8 |    19 |     2 ||    55
       Potion            |       |       |     1 |       |     1 |     7 |       ||     9
 Stab: Sleeping          |       |       |    15 |    32 |    53 |   135 |    96 ||   331
       Distracted        |       |       |     1 |     3 |     1 |    13 |     3 ||    21
       Confused          |       |       |       |     7 |   116 |   136 |    75 ||   334
       Paralysed         |       |       |       |     3 |     1 |     1 |       ||     5
       Betrayed ally     |       |       |       |       |     1 |       |     1 ||     2
       Invisible         |       |       |       |       |       |   190 |    40 ||   230
  Eat: Chunk             |    12 |    11 |    26 |    29 |    51 |   139 |    35 ||   303
Armor: Skin              |       |     6 |     6 |    10 |    14 |    13 |       ||    49
Dodge: Dodged            |     7 |    62 |   116 |   391 |   469 |   919 |   357 ||  2321
Block: Other             |       |     4 |     6 |       |       |       |       ||    10
       Reflection        |       |       |     1 |       |       |       |       ||     1

Table legend:
 A = Turns spent in this place as a percentage of turns spent in the entire game.
 B = Non-inter-level travel turns spent in this place as a percentage of non-inter-level travel turns spent in the entire game.
 C = Inter-level travel turns spent in this place as a percentage of turns spent in this place.
 D = Turns resting spent in this place as a percentage of non-inter-level travel turns spent in this place.
 E = Turns spent auto-exploring this place as a percentage of non-inter-level travel turns spent in this place.
 F = Non-inter-level travel turns spent in this place divided by the number of levels of this place that you've seen.
                   A       B       C       D       E      F
               +-------+-------+-------+-------+-------+----------------------
         Total | 100.0 | 100.0 |   0.9 |   3.3 |   0.2 | 1140.8
       Dungeon |  34.2 |  34.1 |   1.4 |   3.1 |   0.4 | 984.3
        Temple |   0.1 |   0.1 |   4.9 |   3.4 |   1.7 |  58.0
          Lair |  16.2 |  16.2 |   0.9 |   3.2 |   0.2 | 1170.2
        Shoals |   9.6 |   9.7 |   0.4 |   4.4 |   0.1 | 1047.0
     Snake Pit |  17.5 |  17.7 |   0.3 |   3.2 |   0.3 | 1913.8
  Orcish Mines |   5.1 |   5.1 |   0.8 |   2.2 |   0.2 | 1113.5
   Elven Halls |  11.6 |  11.6 |   0.9 |   4.5 |   0.2 | 1677.7
        Vaults |   5.2 |   5.2 |   1.0 |   2.8 |   0.1 | 1128.5
         Abyss |   0.3 |   0.3 |   0.0 |   1.4 |   0.0 | 147.0
               +-------+-------+-------+-------+-------+----------------------

Table legend:
 A = Kills in this place as a percentage of kills in entire the game.
 B = Kills by you in this place as a percentage of kills by you in the entire game.
 C = Kills by friends in this place as a percentage of kills by friends in the entire game.
 D = Other kills in this place as a percentage of other kills in the entire game.
 E = Experience gained in this place as a percentage of experience gained in the entire game.
 F = Experience gained in this place divided by the number of levels of this place that you have seen.
                   A       B       C       D       E      F
               +-------+-------+-------+-------+-------+----------------------
         Total | 100.0 | 100.0 | 100.0 | 100.0 | 100.0 | 18613.2
       Dungeon |  31.3 |  31.5 |  35.7 |  13.6 |  13.6 | 6420.7
          Lair |  12.7 |  12.9 |   0.0 |  13.6 |   9.3 | 11015.2
        Shoals |  12.4 |  12.7 |   0.0 |   0.0 |  17.3 | 30656.5
     Snake Pit |  16.7 |  15.7 |  42.9 |  59.1 |  23.2 | 41101.5
  Orcish Mines |   6.6 |   6.7 |   0.0 |   4.5 |   2.6 | 9091.5
   Elven Halls |  11.7 |  11.7 |  21.4 |   4.5 |  21.9 | 51573.7
        Vaults |   8.6 |   8.8 |   0.0 |   4.5 |  12.0 | 42481.0
               +-------+-------+-------+-------+-------+----------------------

Vault maps used:
D:1:      dpeg_arrival_water_temple_mockup, minmay_misc_feat_alley
D:2:      kennysheep_generic_room_7
D:4:      minmay_temple_entry_poolview, grunt_ashenzari_visionary
D:5:      first_bread
D:6:      uniq_edmund, uniq_eustachio
D:7:      cheibrodos_iron_armory
D:8:      uniq_erica
D:9:      minmay_the_grid_four_pointed_star, serial_shops, nicolae_shop_crystal,
          shop, shop, nicolae_shop_statue_plus, blue_anna_alchemist
D:10:     serial_shops, shop, basic_altar, lemuel_tele_altar
D:11:     minmay_ice_pillars, lair_entry_dummy, orc_0_dummy, uniq_gastronok,
          uniq_erolcha, uniq_urug
D:13:     david_vaults_1, serial_shops, nicolae_shop_waterfront,
          water_boxes_lemuel
D:14:     evilmike_library_of_no_secrets, serial_park_avenue1,
          nicolae_ru_sacrificial_ziggurat, uniq_kirke
D:15:     grunt_enter_depths_hoard, fountainhead, uniq_rupert, uniq_agnes
Temple:   nicolae_temple_the_god_donut
Lair:1:   lemuel_fruit_tree, grunt_megastairs_5, serial_bayou_shore_b
Lair:2:   grunt_forest_large_clearings
Lair:3:   dummy_snake_entry, disabler_island, serial_bayou_shore_a, uniq_fannar
Lair:4:   minmay_shoals_entry_hut
Lair:5:   beast_lair_carwin_large_1, dpeg_slime_entry_enclosed_altar,
          minmay_lair_oklob_bushes
Lair:6:   gammafunk_lair_ancient_temple, serial_bayou_shore_b
Shoals:2: argonaut_gorgonesque
Shoals:4: shoals_end_grunt_ice, shoals_ilsuiw_alternative,
          nicolae_shoals_circle_sea_wall, uniq_ilsuiw, uniq_donald,
          uniq_polyphemus
Snake:1:  cheibrodos_forgotten_conduit, nicolae_snake_lava_pool
Snake:3:  uniq_mara, uniq_vashnia, uniq_nikola
Snake:4:  snake_pit_salamanders_mu
Orc:1:    uniq_josephine
Orc:2:    grunt_orc_gardens, grunt_orc_garden, grunt_orc_garden,
          grunt_orc_garden, grunt_orc_garden, okawaru_metal_pillars_1_2,
          uniq_azrael
Elf:1:    eino_elf_arrival_customs, serial_shops, nicolae_shop_crystal,
          minmay_elf_crystal_hexagon, uniq_roxanne, uniq_asterion
Elf:3:    minmay_elf_hall_spiked, minivault_11, nicolae_rare_books,
          basic_stair_grate_trap
Vaults:1: vaults_room_door_hall, v_pattern_5, vaults_dpeg_doors,
          hangedman_vaults_locks, v_misc_26, ontoclasm_vaults_twist
Vaults:2: dpeg_vaults_monster_row, nicolae_vaults_disjoint_gnomons,
          nicolae_vaults_rhombus_7, nicolae_vaults_statue_guard,
          vaults_dpeg_spiral, nicolae_vaults_network_quincunx,
          nicolae_vaults_little_ls, hangedman_vaults_trim, v_misc_10,
          nicolae_vaults_big_ls, v_misc_16, v_alt_pattern_1,
          vaults_room_semicircle, uniq_mennas
Abyss:3:  evilmike_abyss_rune_ettins
